 Dungeon Crawl Stone Soup version 0.30.0-29-ga12c61a403 (webtiles) character file.

Game seed: 14502599901725209875

412 cdecastro the Caller (level 6, -4/46 (47) HPs)
             Began as a Merfolk Summoner on June 19, 2023.
             Was an Initiate of Ru.
             Slain by a water moccasin (7 damage)
             ... on level 4 of the Dungeon.
             The game lasted 00:13:06 (4803 turns).

cdecastro the Caller (Merfolk Summoner)             Turns: 4803, Time: 00:13:06

HP:   -4/46 (47)    AC:  2    Str:  9    XL:     6   Next: 90%
MP:   3/9           EV: 17    Int: 16    God:    Ru [......]
Gold: 325           SH:  0    Dex: 14    Spells: 3/9 levels left

rFire   . . .        c - +0 dagger
rCold   . . .        (no shield)
rNeg    . . .        a - +0 robe
rPois   .            (no helmet)
rElec   .            (no cloak)
rCorr   .            (no gloves)
SInv    .            (no boots)
Will    .....        (no amulet)
Stlth   ++           f - +5 ring of evasion
HPRegen 0.27/turn    (no ring)
MPRegen 0.11/turn

%: no passive effects
@: lightly drained
A: (nimble swimmer 2), mertail
a: Renounce Religion


You were on level 4 of the Dungeon.
You worshipped Ru.
Ru was noncommittal.
You visited 1 branch of the dungeon, and saw 5 of its levels.

You collected 325 gold pieces.

Inventory:

Hand Weapons
 c - a +0 dagger (weapon)
Armour
 a - a +0 robe (worn)
 k - a +2 ring mail of willpower
Jewellery
 f - a +5 ring of evasion (left hand)
 j - a ring of flight
Wands
 l - a wand of charming (7)
Scrolls
 d - a scroll of identify {unknown}
 e - a scroll of amnesia {unknown}
 h - a scroll of torment {unknown}
 i - 2 scrolls of immolation {unknown}
 m - 2 scrolls of teleportation {unknown}
 o - a scroll of enchant armour {unknown}
 t - a scroll of vulnerability {unknown}
 u - a scroll of magic mapping {unknown}
Potions
 b - a potion of magic
 g - a potion of brilliance {unknown}
 n - a potion of heal wounds {unknown}
 p - a potion of haste {unknown}
 q - a potion of invisibility {unknown}
 r - a potion of curing {unknown}
 s - 2 potions of might {unknown}


   Skills:
 + Level 3.0 Fighting
 * Level 2.5 Short Blades
 - Level 2.6 Dodging
 - Level 2.1 Stealth
 - Level 2.0 Spellcasting
 - Level 7.0 Summonings


You had 3 spell levels left.
You knew the following spells:

 Your Spells              Type           Power      Damage    Failure   Level
a - Summon Small Mammal   Summ           96%        N/A       1%          1
b - Call Imp              Summ           48%        N/A       1%          2
c - Call Canine Familiar  Summ           24%        N/A       3%          3

Your spell library contained the following spells:

 Spells                   Type           Power      Damage    Failure   Level
 Summon Guardian Golem    Hex/Summ       12%        N/A       14%         3
 Sublimation of Blood     Necr           1%         N/A       30%         2
 Wereblood                Tmut           1%         N/A       30%         2
 Summon Lightning Spire   Summ/Air       12%        N/A       43%         4
 Summon Hydra             Summ           12%        N/A       100%        7


Dungeon Overview and Level Annotations

Branches:
Dungeon (5/15)
 Temple: D:4-7

Altars:
Ru
Sif Muna
Wu Jian

Annotations:
D:2 Sigmund


Innate Abilities, Weirdness & Mutations

((You are very nimble when in or above water. (Stealth+, EV+, Speed+++)))
Your lower body shifts to a powerful aquatic tail in water.


Message History

Unknown command.
You miss the water moccasin.
The water moccasin is heavily wounded.
You feel sick. The water moccasin barely misses you.
Your hound completely misses the water moccasin.
Your cerulean imp hits the water moccasin but does no damage.
The water moccasin misses you.
Your hound closely misses the water moccasin.
You closely miss the water moccasin.
The water moccasin is heavily wounded.
You feel sick.
Your hound closely misses the water moccasin.
The water moccasin barely misses you.
Your cerulean imp hits the water moccasin from afar with a -2 spear.
Unknown command.
You barely miss the water moccasin.
The water moccasin is severely wounded.
You feel sick.
Your hound completely misses the water moccasin.
The water moccasin barely misses you.
Your cerulean imp misses the water moccasin.
Unknown command.
You miss the water moccasin.
The water moccasin is severely wounded.
Your hound misses the water moccasin. The water moccasin misses you.
Your hound closely misses the water moccasin.
Unknown command.
You hit the water moccasin.
The water moccasin is severely wounded.
You feel sick.
The water moccasin completely misses you.
Your cerulean imp hits the water moccasin from afar with a -2 spear.
Your hound misses the water moccasin.
Unknown command.
You hit the water moccasin.
The water moccasin is almost dead.
You feel sick.
You are no longer poisoned.
The water moccasin bites you!
You die...

#.##..###...#.#.#.......##.#####.
................##########.......
...#......###.### ####.###
...########.....# #.#
...########.....# #.#
.........##.....# ####### ###.###
...###...##.....# #.....# #..)...
..........#..)(.###r....# #.####.
..........#.###.@Sh5)...# #)####.
..........#.# #.###)....# #)##...
.....#...##.# #.# #.....# #.##.#.
.........##.###.######### #.##.#.
.....#...##.#.....# #......
###.......#.#.###.# ####.## #
#...........# #.# #.#
###.......#.#.###.# ######.#
....##...##.#.....# #......#


You could see a water moccasin (ally target), a friendly hound (summoned), a
friendly cerulean imp (summoned) and a friendly rat (summoned).

Vanquished Creatures
  A water moccasin (D:4)
  An iguana (D:4)
  2 adders (D:2)
  A gnoll (D:4)
  A worm (D:2)
  2 dart slugs
  4 orcs
  3 bats
  5 endoplasms
  A giant cockroach (D:3)
  3 goblins
  A hobgoblin (D:3)
  5 jackals
  6 quokkas
  4 ball pythons
  A frilled lizard (D:3)
  6 kobolds
  7 rats
54 creatures vanquished.

Vanquished Creatures (collateral kills)
  A howler monkey (D:4)
  An iguana (D:4)
  2 orc wizards (D:3)
  3 adders
  A gnoll (D:4)
  4 orcs
  2 endoplasms
  A giant cockroach (D:2)
  3 goblins
  7 hobgoblins
  3 kobolds
  3 quokkas
  2 ball pythons
  3 bats (D:1)
  2 frilled lizards
38 creatures vanquished.

Grand Total: 92 creatures vanquished

Notes
Turn   | Place    | Note
-------+----------+-------------------------------------------
     0 | D:1      | cdecastro the Merfolk Summoner began the quest for the Orb.
     0 | D:1      | Reached XP level 1. HP: 13/13 MP: 3/3
   229 | D:1      | Reached XP level 2. HP: 15/19 MP: 1/5
   850 | D:1      | Reached XP level 3. HP: 24/24 MP: 4/6
  1014 | D:1      | Reached skill level 5 in Summonings
  1018 | D:1      | Learned a level 2 spell: Call Imp
  1022 | D:1      | Learned a level 3 spell: Call Canine Familiar
  1410 | D:2      | Noticed Sigmund
  1652 | D:2      | Reached XP level 4. HP: 25/30 MP: 5/7
  2027 | D:3      | Found a sacrificial altar of Ru.
  2137 | D:3      | Reached skill level 6 in Summonings
  2156 | D:3      | Became a worshipper of Ru the Awakened
  2465 | D:3      | Reached skill level 1 in Short Blades
  2567 | D:3      | Reached XP level 5. HP: 31/36 MP: 5/8
  3088 | D:2      | Found a shimmering blue altar of Sif Muna.
  3299 | D:3      | Reached skill level 1 in Fighting
  3717 | D:4      | Noticed a water moccasin
  3834 | D:4      | Killed a water moccasin
  3835 | D:4      | Reached XP level 6. HP: 43/46 MP: 4/9
  4471 | D:4      | Found an ornate altar of the Wu Jian Council.
  4688 | D:5      | Entered Level 5 of the Dungeon
  4689 | D:5      | Noticed a water moccasin
  4702 | D:4      | Reached skill level 7 in Summonings
  4803 | D:4      | Slain by a water moccasin

Illustrated notes

Levels and vault maps discovered:
D:1:      dpeg_arrival_central, layout_loops_ring, minmay_misc_feat_diagonals,
          hex_tiny, minmay_quantized
D:2:      layout_basic, basic_altar, uniq_sigmund
D:3:      layout_basic, nicolae_ru_great_annihilating_truth
D:4:      layout_loops_cross, nicolae_wu_jian_immortal_techniques,
          minmay_tree_intersection
D:5:      layout_loops_corners, mainiacjoe_overflow_six_doors_small,
          elyvilon_altar_4, mainiacjoe_overflow_two_lobes, serial_shops,
          nicolae_shop_statue_plus, shop, nicolae_shop_rolled_up, shop_statue,
          uniq_grinder, uniq_duvessa

Skill      XL: |  1  2  3  4  5  6 |
---------------+-------------------+-----
Summonings     | 5 6 7 |  7.0
Short Blades   | 1 2 |  2.5
Fighting       | 2 3 |  3.0
Dodging        | |  2.6
Stealth        | |  2.1
Spellcasting   | |  2.0

Action                     |  1- 3 |  4- 6 || total
---------------------------+-------+-------++-------
  Melee: Unarmed           |    22 |       ||    22
         Dagger            |   119 |   231 ||   350
         Punch             |     2 |     7 ||     9
   Cast: Summon Small Mamm |    29 |     3 ||    32
         Call Imp          |     5 |    17 ||    22
         Call Canine Famil |       |    10 ||    10
 Invoke: Reject Sacrifices |       |     1 ||     1
   Stab: Sleeping          |     4 |     5 ||     9
         Distracted        |     3 |     2 ||     5
 Armour: Robe              |    15 |    16 ||    31
  Dodge: Dodged            |   139 |   195 ||   334
